 Dungeon Crawl Stone Soup version 0.13-a0-2116-g5cefd36 (webtiles) character file.

248 Kae the Chiller (level 5, -2/42 HPs)
             Began as a Naga Ice Elementalist on June 27, 2013.
             Slain by an orc priest
             ... wielding a +1,+1 orcish vampiric dagger
              (6 damage)
             ... on Level 3 of the Dungeon.
             The game lasted 00:05:30 (2719 turns).

Kae the Chiller (Naga Ice Elementalist)             Turns: 2719, Time: 00:05:30

HP  -2/42        AC  2     Str 15      XL: 5   Next: 35%
MP   1/9         EV 10     Int 16      God:
Gold 94          SH  0     Dex 12      Spells:  2 memorised,  4 levels left

Res.Fire  : . . .   See Invis. : +   (no weapon)
Res.Cold  : . . .   Warding    : .   a - +0 robe
Life Prot.: . . .   Conserve   : .   (no shield)
Res.Poison: +       Res.Corr.  : .   (no helmet)
Res.Elec. : .       Clarity    : .   (no cloak)
Sust.Abil.: . .     Spirit.Shd : .   (no gloves)
Res.Mut.  : .       Stasis     : .   (no barding)
Res.Rott. : .       Flight     : .   (no amulet)
Saprovore : . . .                    (no ring)
                                     (no ring)

@: mighty, hasted, quick, slightly resistant to hostile enchantments, stealthy
A: spit poison, see invisible, deformed body, poison resistance, slowness 2, AC
+1
a: Spit Poison


You were on level 3 of the Dungeon.
You were hungry.

You visited 1 branch of the dungeon, and saw 3 of its levels.

You collected 74 gold pieces.

Inventory:

Armour
 a - a +0 robe (worn)
Comestibles
 c - 2 bread rations
 i - an apple
Scrolls
 d - 2 scrolls of remove curse {unknown}
 e - 3 scrolls of identify
 k - a scroll of teleportation {unknown}
Jewellery
 g - a +2 ring of intelligence
 o - an uncursed ring of life protection {unknown}
Potions
 j - a potion of resistance {unknown}
 l - a potion of speed
Books
 b - a book of Frost

   Spells                             Type                      Level
   *Freeze                            Ice                          1
   *Throw Frost                       Conjuration/Ice              2
   Ozocubu's Armour                   Charms/Ice                   3
   Throw Icicle                       Conjuration/Ice              4
   Summon Ice Beast                   Ice/Summoning                4
   Condensation Shield                Ice                          4


   Skills:
 - Level 1.6 Dodging
 - Level 3.2 Stealth
 + Level 1.8 Spellcasting
 * Level 3.1 Conjurations
 * Level 4.4 Ice Magic


You had 4 spell levels left.
You knew the following spells:

 Your Spells              Type           Power        Failure   Level  Hunger
a - Freeze                Ice            ###.         4%          1    ##.....
b - Throw Frost           Conj/Ice       ##....       10%         2    ###....


Dungeon Overview and Level Annotations

Branches:
Dungeon (3/27)

Altars:


Innate Abilities, Weirdness & Mutations

You cannot wear boots.
You can spit poison.
Your serpentine skin is tough (AC +1).
You have supernaturally acute eyesight.
Armour fits poorly on your strangely shaped body.
Your system is resistant to poisons.
You cover ground very slowly.


Message History

The orc priest hits you with an orcish vampiric dagger.
* * * LOW HITPOINT WARNING * * *
Drink which item? (? for menu, Esc to quit)
You feel yourself speed up.
It was a potion of speed.
The orc priest hits you with an orcish vampiric dagger.
* * * LOW HITPOINT WARNING * * *
Read which item? (? for menu, Esc to quit)
As you read the scroll labeled DOGHAR UPESOUSS, it crumbles to dust.
Use on which item? (\ to view known items) (? for menu, Esc to quit)
g - a +2 ring of intelligence It was a scroll of identify.
Drink which item? (? for menu, Esc to quit)
You feel very mighty all of a sudden.
It was a potion of might.
The orc priest hits you with an orcish vampiric dagger.
* * * LOW HITPOINT WARNING * * *
Drink which item? (? for menu, Esc to quit)
You feel refreshed.
It was a potion of restore abilities.
The orc priest hits you with an orcish vampiric dagger.
You die...

...#........... ##
#..###....(. ##.#
#...... ..# #...... ##.#
###.### ##.###......
#######...##......
#...............%. .#
#@#####...##...>..
.....##o#####.####......
............##.# #......
..##.##.....#.# #......
# #.###o..# ####### #.#
#..## #.# #.%# #...).##
###.###


You could see an orc priest.

Vanquished Creatures
  A hound (D:3)
  2 orc wizards (D:3)
  Jessica (D:2)
  5 giant geckos
  An ooze (D:3)
  7 orcs (D:3)
  4 goblins
  3 hobgoblins
  A quokka (D:2)
  7 bats
  4 giant newts
  4 jackals (D:2)
  5 kobolds
  4 rats
49 creatures vanquished.

Notes
Turn   | Place    | Note
--------------------------------------------------------------
     0 | D:1      | Kae, the Naga Ice Elementalist, began the quest for the Orb.
     0 | D:1      | Reached XP level 1. HP: 15/15 MP: 3/3
   615 | D:1      | Reached XP level 2. HP: 22/22 MP: 2/4
   619 | D:1      | Learned a level 2 spell: Throw Frost
  1430 | D:2      | Reached XP level 3. HP: 24/28 MP: 2/5
  1491 | D:2      | Noticed Jessica
  1497 | D:2      | Killed Jessica
  2115 | D:3      | Reached skill level 4 in Ice Magic
  2115 | D:3      | Reached XP level 4. HP: 23/36 MP: 3/7
  2327 | D:3      | Reached XP level 5. HP: 23/42 MP: 1/9
  2719 | D:3      | Slain by an orc priest

Action                   |  1- 3 |  4- 6 || total
-------------------------+-------+-------++-------
Melee: Unarmed           |    21 |     2 ||    23
 Cast: Freeze            |    55 |    36 ||    91
  Use: Potion            |       |     6 ||     6
       Scroll            |       |     1 ||     1
